 Dungeon Crawl Stone Soup version 0.26-a0-639-g72c4674 (webtiles) character file.

Game seed: 7753108793083743440

5977 royokou the Destroyer (level 10, -6/60 HPs)
             Began as a Deep Elf Conjurer on Sept 18, 2020.
             Was a Priest of Vehumet.
             Mangled by an unseen horror (7 damage)
             ... on level 10 of the Dungeon.
             The game lasted 00:46:13 (12866 turns).

royokou the Destroyer (Deep Elf Conjurer)          Turns: 12866, Time: 00:46:14

Health: -6/60      AC:  3    Str:  7    XL:     10   Next: 55%
Magic:  18/19      EV: 17    Int: 24    God:    Vehumet [***...]
Gold:   617        SH:  0    Dex: 13    Spells: 4/18 levels left

rFire    . . .     SeeInvis .   J - staff of conjuration
rCold    . . .     Faith    .   (no shield)
rNeg     . . .     Spirit   .   a - +0 robe
rPois    .         Reflect  .   (no helmet)
rElec    .         Harm     .   s - +0 cloak
rCorr    .         Rampage  .   (no gloves)
MR       +....                  (no boots)
Stlth    ++........             f - amulet of magic regeneration
HPRegen  0.20/turn              (no ring)
MPRegen  0.41/turn              (no ring)

@: no status effects
A: no striking features
a: Renounce Religion


You were on level 10 of the Dungeon.
You worshipped Vehumet.
Vehumet was most pleased with you.
You visited 2 branches of the dungeon, and saw 11 of its levels.
You also visited: Bailey.

You collected 617 gold pieces.

Inventory:

Hand Weapons
 g - a +0 dagger
 o - a +0 short sword
 u - a +1 vorpal flail
 A - a +0 falchion
 C - a +0 long sword
Armour
 a - a +0 robe (worn)
 s - a +0 cloak (worn)
 P - a +0 troll leather armour
Magical Staves
 J - an uncursed staff of conjuration (weapon)
Jewellery
 f - an amulet of magic regeneration (around neck)
 I - an uncursed amulet of the acrobat {unknown}
 L - an uncursed amulet of guardian spirit {unknown}
 Q - an uncursed ring of positive energy {unknown}
Wands
 p - a wand of iceblast (7)
 H - a wand of random effects (35)
 K - a wand of disintegration (14)
 M - a wand of polymorph (8)
Scrolls
 b - 5 scrolls of identify {unknown}
 e - 5 scrolls of teleportation {unknown}
 h - a scroll of noise {unknown}
 m - 2 scrolls of amnesia {unknown}
 r - 4 scrolls of remove curse {unknown}
 v - 2 scrolls of enchant armour {unknown}
 w - a scroll of fear {unknown}
 y - a scroll of magic mapping {unknown}
 z - 2 scrolls of immolation {unknown}
 B - 2 scrolls of enchant weapon {unknown}
 D - a scroll of vulnerability {unknown}
 F - 2 scrolls of fog {unknown}
 G - a scroll of torment {unknown}
 N - a scroll of acquirement {unknown}
Potions
 c - 2 potions of might {unknown}
 d - 3 potions of curing
 i - 3 potions of cancellation {unknown}
 j - a potion of ambrosia {unknown}
 k - 2 potions of brilliance {unknown}
 l - a potion of mutation {unknown}
 n - a potion of lignification {unknown}
 q - 2 potions of flight {unknown}
 t - 2 potions of heal wounds {unknown}
 x - 3 potions of haste {unknown}
 E - a potion of magic {unknown}
 O - a potion of invisibility {unknown}


   Skills:
 + Level 6.2 Fighting
 - Level 3.4 Long Blades
 - Level 3.6 Staves
 + Level 0.8 Armour
 + Level 9.3 Dodging
 - Level 2.4 Stealth
 + Level 4.7 Spellcasting
 + Level 9.7 Conjurations
 - Level 5.5 Hexes
 - Level 4.6 Translocations


You had 4 spell levels left.
You knew the following spells:

 Your Spells              Type           Power        Failure   Level
a - Magic Dart            Conj           ####         1%          1
b - Searing Ray           Conj           ######       1%          2
c - Dazzling Flash        Conj/Hex       ######       1%          3
d - Iskenderun's Mystic   Conj/Tloc      ######..     1%          4
e - Fulminant Prism       Conj/Hex       ######....   1%          4

Your spell library contained the following spells:

 Spells                   Type           Power        Failure   Level
 Frozen Ramparts          Ice            #.....       7%          3
 Corona                   Hex            ####...      1%          1
 Confusing Touch          Hex            ####....     2%          3
 Tukima's Dance           Hex            ####....     2%          3
 Ensorcelled Hibernation  Hex/Ice        ###...       4%          2
 Swiftness                Air            #.......     14%         2
 Vampiric Draining        Necr           #.........   26%         3
 Death Channel            Necr           #.........   100%        6
 Tornado                  Air            #.........   100%        9


Dungeon Overview and Level Annotations

Branches:
Dungeon (10/15)            Temple (1/1) D:4             Orc (0/2) D:10
 Bailey (visited)
   Lair: D:8-11

Altars:
Ashenzari
Cheibriados
Dithmenos
Elyvilon
Fedhas
Gozag
Hepliaklqana
Kikubaaqudgha
Nemelex Xobeh
Okawaru
Qazlal
Ru
Sif Muna
Uskayaw
Vehumet
Wu Jian
Xom
Yredelemnul
Zin
The Shining One

Shops:
D:4 *

Annotations:
D:4 1 runed translucent door, Crazy Yiuf, Pikel


Message History

Casting: Searing Ray (safe; 1% risk of failure)
Confirm with . or Enter, or press ? or * to list all spells.
You don't know that spell.
Unknown command.
Casting: Searing Ray (safe; 1% risk of failure)
Confirm with . or Enter, or press ? or * to list all spells.
You feel a surge of power! Something hits you.
* * * LOW HITPOINT WARNING * * *
Something hits you.
* * * LOW HITPOINT WARNING * * *
Something hits you but does no damage.
Okay, then.
Okay, then.
Something barely misses you. Something hits you.
* * * LOW HITPOINT WARNING * * *
Something hits you!
* * * LOW HITPOINT WARNING * * *
Something hits you!
You die...

.. ........
#.######......
#.#....#.....
#.+.(..#...#
#.#...†#...#
#.####'#...#
#..........#
#..######..#
.... #.@# #..#
..... #{##
#..#......
########.#
#..#.....
.........#
#..#... ##
......>..#
##.#'###..
.........#
#........
.........#
#........
..######.#
#........ .
#.# #).†.....


There were no monsters in sight!

Vanquished Creatures
  A troll (D:9)
  A hippogriff (D:8)
  3 yaks (D:5)
  A vampire (D:10)
  Sigmund (D:6)
  A steam dragon (D:10)
  10 orc warriors (Bailey)
  3 sky beasts
  A phantom (D:4)
  3 ogres
  4 lemures
  A crocodile (D:7)
  13 centaurs
  A big kobold (D:9)
  2 bullfrogs
  A water moccasin zombie (D:9)
  A gnoll sergeant (D:10)
  10 killer bees
  3 wights (D:8)
  4 howler monkeys
  A jelly (D:9)
  A bullfrog zombie (D:7)
  A bullfrog skeleton (D:8)
  An orc priest (D:6)
  2 centaur skeletons
  3 hounds
  2 orc wizards
  Jessica (D:3)
  7 worker ants
  An iguana (D:6)
  A hound zombie (D:5)
  11 gnolls
  A worker ant zombie (D:5)
  15 adders
  3 shadow imps
  2 white imps (D:8)
  4 ufetubi
  An adder skeleton (D:4)
  An adder zombie (D:8)
  8 worms
  2 dart slugs
  5 leopard geckos
  40 orcs
  2 ball pythons
  5 bats
  8 giant cockroaches
  6 goblins
  3 hobgoblins
  3 jackals
  11 kobolds
  5 quokkas
  2 frilled lizards
  2 leopard gecko skeletons
  A leopard gecko zombie (D:8)
  A quokka skeleton (D:4)
  A quokka zombie (D:7)
  9 rats
238 creatures vanquished.

Vanquished Creatures (others)
  10 plants (D:3)
10 creatures vanquished.

Grand Total: 248 creatures vanquished

Notes
Turn   | Place    | Note
-------+----------+-------------------------------------------
     0 | D:1      | royokou the Deep Elf Conjurer began the quest for the Orb.
     0 | D:1      | Reached XP level 1. HP: 10/10 MP: 6/6
   305 | D:1      | Reached XP level 2. HP: 15/15 MP: 5/8
   309 | D:1      | Learned a level 2 spell: Searing Ray
   338 | D:1      | Reached skill level 5 in Conjurations
   887 | D:2      | Reached XP level 3. HP: 19/19 MP: 6/9
   892 | D:2      | Learned a level 3 spell: Dazzling Flash
  1247 | D:2      | Reached skill level 1 in Hexes
  1304 | D:2      | Found a hazy altar of Hepliaklqana.
  1315 | D:2      | Found an ornate altar of the Wu Jian Council.
  1488 | D:2      | Reached XP level 4. HP: 24/24 MP: 5/10
  1694 | D:2      | Found an ancient bone altar of Kikubaaqudgha.
  1694 | D:2      | Found a sparkling altar of Nemelex Xobeh.
  1699 | D:2      | Found a faded altar of an unknown god.
  1701 | D:2      | Found a faded altar of an unknown god.
  1703 | D:2      | Found a glowing silver altar of Zin.
  1996 | D:3      | Found a blossoming altar of Fedhas.
  2056 | D:3      | Noticed Jessica
  2058 | D:3      | Noticed a centaur
  2061 | D:3      | Killed Jessica
  2072 | D:2      | Reached XP level 5. HP: 9/28 MP: 0/11
  2602 | D:3      | Killed a centaur
  3089 | D:3      | Reached XP level 6. HP: 32/32 MP: 8/12
  3135 | D:3      | Learned a level 4 spell: Iskenderun's Mystic Blast
  3751 | D:4      | Found a white marble altar of Elyvilon.
  3830 | D:4      | Found Paradali's General Store.
  4188 | D:4      | Found a shadowy altar of Dithmenos.
  4197 | D:4      | Reached skill level 1 in Translocations
  4373 | D:4      | Found a runed translucent door.
  4374 | D:4      | Noticed Crazy Yiuf
  4542 | D:4      | Noticed Pikel
  4985 | D:4      | Found a staircase to the Ecumenical Temple.
  4994 | Temple   | Entered the Ecumenical Temple
  5003 | Temple   | Became a worshipper of Vehumet
  5156 | D:5      | Entered Level 5 of the Dungeon
  5221 | D:5      | Noticed a sky beast
  5233 | D:5      | Killed a sky beast
  5233 | D:5      | Reached XP level 7. HP: 36/36 MP: 1/13
  5970 | D:5      | Noticed a yak
  5971 | D:5      | Noticed a yak
  6008 | D:5      | Noticed a yak
  6554 | D:5      | Reached skill level 5 in Hexes
  6653 | D:5      | Learned a level 4 spell: Fulminant Prism
  7290 | D:6      | Reached XP level 8. HP: 41/41 MP: 13/16
  7694 | D:6      | Reached skill level 1 in Fighting
  7765 | D:6      | Noticed Sigmund
  8119 | D:6      | Killed Sigmund
  8340 | D:7      | Reached skill level 5 in Dodging
  8671 | D:7      | Found a flagged portal.
  8676 | Bailey   | Entered a bailey
  8682 | Bailey   | Reached XP level 9. HP: 46/50 MP: 13/17
  8724 | Bailey   | Reached * piety under Vehumet
  8724 | Bailey   | Offered knowledge of Shock by Vehumet.
  9010 | Bailey   | Reached skill level 1 in Long Blades
  9998 | Bailey   | Reached skill level 5 in Fighting
 10669 | D:7      | Found a hide-covered altar of Uskayaw.
 10670 | D:7      | Found a shattered altar of Ashenzari.
 10675 | D:7      | Found a shimmering altar of Xom.
 10873 | D:8      | Offered knowledge of Foxfire by Vehumet.
 10929 | D:8      | Reached skill level 1 in Staves
 10964 | D:8      | Reached ** piety under Vehumet
 10964 | D:8      | Reached XP level 10. HP: 47/59 MP: 16/18
 11396 | D:8      | Found an iron altar of Okawaru.
 11730 | D:9      | Identified Sif Muna's Catalogue of Dark Weightlessness
 11872 | D:9      | Offered knowledge of Inner Flame by Vehumet.
 11884 | D:9      | Found a white marble altar of Elyvilon.
 12299 | D:10     | Entered Level 10 of the Dungeon
 12303 | D:10     | Reached *** piety under Vehumet
 12729 | D:10     | Offered knowledge of Frozen Ramparts by Vehumet.
 12800 | D:10     | Found a staircase to the Orcish Mines.
 12865 | D:10     | HP: 1/60 [something (9)]
 12866 | D:10     | Mangled by an unseen horror

Illustrated notes

Levels and vault maps discovered:
D:1:      evilmike_arrival_rings, layout_rooms
D:2:      layout_loops_ring, lemuel_crystal_altar,
          chequers_temple_overflow_minitemple, lemuel_crystal_altar
D:3:      layout_loops_cross, overflow_temple_1_default, chequers_big_river,
          uniq_jessica
D:4:      layout_gridville, old_standard_altar, grunt_dithmenos_shadows,
          temple_hall, serial_shops, shop, minmay_fractal_squares_gapless_5,
          uniq_crazy_yiuf_cottage, uniq_pikel
D:5:      layout_basic, kennysheep_cluttered_room
D:6:      layout_loops_corners, cheibrodos_sewer_entry_bend, uniq_sigmund
D:7:      layout_basic, gammafunk_temple_overflow_forgotten, enter_bailey_3
D:8:      layout_loops_ring, kennysheep_little_box, skrybe_limestone_x
D:9:      layout_rooms, basic_altar
D:10:     layout_irregular_city, orc_0_dummy, uniq_gastronok
Temple:   eino_temple_lava

Skill      XL: |  1  2  3  4  5  6  7  8  9 10 |
---------------+-------------------------------+-----
Conjurations   | 5 6 7 8 9 |  9.7
Hexes          | 1 2 3 4 5 |  5.5
Translocations | 1 3 4 |  4.6
Spellcasting   | 4 |  4.7
Dodging        | 5 8 9 |  9.3
Fighting       | 3 5 6 |  6.2
Long Blades    | 3 |  3.4
Staves         | 1 3 |  3.6
Armour         | |  0.8
Stealth        | |  2.4

Action                   |  1- 3 |  4- 6 |  7- 9 | 10-12 || total
-------------------------+-------+-------+-------+-------++-------
Melee: Unarmed           |     7 |       |       |       ||     7
       Short sword       |       |     3 |       |       ||     3
       Flail             |       |     7 |     1 |       ||     8
       Staff             |       |       |     1 |    20 ||    21
 Cast: Magic Dart        |    61 |    41 |   198 |    79 ||   379
       Searing Ray       |     8 |    33 |    58 |    39 ||   138
       Dazzling Flash    |       |       |       |     5 ||     5
       Iskenderun's Myst |       |       |       |     4 ||     4
  Use: Potion            |       |       |       |     1 ||     1
 Stab: Invisible         |       |       |       |     1 ||     1
Armor: Robe              |     4 |     5 |     2 |     4 ||    15
Dodge: Dodged            |     8 |    25 |    42 |    79 ||   154

Table legend: (Time is in decaauts)
 A = Elapsed time spent in this place.
 B = Non-inter-level travel time spent in this place.
 C = Inter-level travel time spent in this place.
 D = Time resting spent in this place.
 E = Time spent auto-exploring this place.
 F = Levels seen in this place.
 G = Mean time per level.
                   A        B        C        D        E       F      G
               +--------+--------+--------+--------+--------+-----+--------+
         Total |  12903 |  12576 |    327 |   3064 |   7431 |  12 | 1075.2 |
       Dungeon |  11233 |  10915 |    318 |   2269 |   7144 |  10 | 1123.3 |
        Temple |     18 |      9 |      9 |      0 |      0 |   1 |   18.0 |
        Bailey |   1651 |   1651 |      0 |    795 |    286 |   1 | 1651.0 |
               +--------+--------+--------+--------+--------+-----+--------+

Top non-repeatable levels by time:
     D:4: 1787 daAuts
  Bailey: 1651 daAuts
     D:3: 1529 daAuts
     D:5: 1494 daAuts
     D:2: 1433 daAuts
     D:6: 1287 daAuts
     D:8: 1001 daAuts
     D:9: 837 daAuts
     D:1: 785 daAuts
     D:7: 767 daAuts
    D:10: 309 daAuts
  Temple: 18 daAuts
